 Dungeon Crawl Stone Soup version 0.21-a0-509-gecc5317 (webtiles) character file.

7344 kibaces the Carver (level 10, -1/72 HPs)
             Began as a Demonspawn Abyssal Knight on Nov 29, 2017.
             Was an Elder of Lugonu.
             Killed from afar by Josephine (26 damage)
             ... with a ghostly fireball
             ... on level 9 of the Dungeon.
             The game lasted 01:08:45 (14549 turns).

kibaces the Carver (Demonspawn Abyssal Knight)     Turns: 14549, Time: 01:08:46

Health: -1/72      AC:  9    Str: 15      XL:     10   Next: 91%
Magic:  0/12       EV: 14    Int: 14 (15) God:    Lugonu [****..]
Gold:   700        SH:  0    Dex: 11 (12) Spells: 9/9 levels left

rFire    . . .     SeeInvis .   C - +5 falchion (elec)
rCold    + . .     Gourm    .   (no shield)
rNeg     . . .     Faith    .   G - +0 steam dragon scales
rPois    +         Spirit   +   s - +0 helmet
rElec    .         Reflect  .   (no cloak)
rCorr    .         Harm     .   (no gloves)
MR       .....     Rnd*Rage +   (boots unavailable)
Stlth    +.........             (no amulet)
HPRegen  0.22/turn              g - +1 ring of evasion
MPRegen  0.13/turn              (no ring)

@: slowed, heavily drained, very slow
A: hooves 3, slimy green scales 1, berserk 1, cold resistance 1, deterioration
1, frail 1, poison resistance, powered by pain 1, screaming 1, wild magic 1,
magic shield, no potion heal 1
a: Depart the Abyss, Bend Space, Banish, Corrupt, Renounce Religion


You were on level 9 of the Dungeon.
You worshipped Lugonu.
Lugonu was greatly pleased with you.
You were not hungry.

You visited 3 branches of the dungeon, and saw 11 of its levels.
You visited the Abyss 2 times.

You collected 700 gold pieces.

Inventory:

Hand Weapons
 t - a +0 rapier
 C - a +5 falchion of electrocution (weapon)
Armour
 a - the -3 helmet of Emywnolyest {-Tele rPois MR+ rCorr}
   (You found it on level 9 of the Dungeon)

   It protects you from poison.
   It affects your resistance to hostile enchantments.
   It prevents most forms of teleportation.
   It protects you from acid and corrosion.
 s - a +0 helmet (worn)
 G - +0 steam dragon scales (worn)
Jewellery
 g - a +1 ring of evasion (left hand)
 h - an uncursed ring of teleportation
Wands
 l - a wand of flame (9)
 y - a wand of iceblast (3)
 H - a wand of enslavement (12)
Scrolls
 b - 4 scrolls of identify
 m - a scroll of noise {unknown}
 w - a scroll of fog {unknown}
 A - 2 scrolls of enchant weapon
 B - 2 scrolls of teleportation
 K - a scroll of torment {unknown}
 M - a scroll of remove curse
Potions
 d - 3 potions of flight
 f - 6 potions of curing
 j - a potion of might {unknown}
 p - a potion of magic {unknown}
 q - a potion of heal wounds {unknown}
 u - 2 potions of haste
 v - a potion of agility {unknown}
 z - a potion of brilliance {unknown}
 F - 3 potions of cancellation {unknown}
 L - a potion of ambrosia {unknown}
Books
 k - a book of Necromancy

   Spells                             Type                      Level
   a - Pain                           Necromancy                   1
   b - Animate Skeleton               Necromancy                   1
   c - Vampiric Draining              Necromancy                   3
   d - Regeneration                   Charms/Necromancy            3
   e - Animate Dead                   Necromancy                   4
   f - Control Undead                 Necromancy                   4
 I - a book of Minor Magic

   Spells                             Type                      Level
   a - Magic Dart                     Conjuration                  1
   b - Blink                          Translocation                2
   c - Call Imp                       Summoning                    2
   d - Slow                           Hexes                        2
   e - Conjure Flame                  Conjuration/Fire             3
   f - Mephitic Cloud                 Conjuration/Poison/Air       3
Miscellaneous
 e - a box of beasts
 N - a lamp of fire
Comestibles
 c - 11 bread rations
 n - 4 fruits
 x - 2 meat rations


   Skills:
 + Level 7.7(5.3) Fighting
 + Level 3.7(4.8) Short Blades
 + Level 9.7(7.4) Long Blades
 + Level 7.1(4.7) Armour
 + Level 6.2(3.9) Dodging
 - Level 0.1(0.0) Stealth
 + Level 3.3(1.2) Invocations
 + Level 0.9(0.0) Evocations


You had 9 spell levels left.
You didn't know any spells.

Dungeon Overview and Level Annotations

Branches:
Dungeon (9/15)             Temple (1/1) D:7             Orc (1/2) D:9
   Lair: D:8-11

Altars:
Ashenzari
Cheibriados
Dithmenos
Elyvilon
Fedhas
Gozag
Hepliaklqana
Kikubaaqudgha
Makhleb
Nemelex Xobeh
Okawaru
Qazlal
Ru
Sif Muna
Trog
Uskayaw
Vehumet
Xom
Yredelemnul
Zin
The Shining One

Shops:
D:8 %

Annotations:
D:7 Regeox's ghost, novice HOCK
D:9 Josephine


Innate Abilities, Weirdness & Mutations

You have hooves in place of feet.
You are partially covered in slimy green scales. (AC +2)
You sometimes gain a little power by taking damage.
When hurt, damage is shared between your health and your magic reserves.
You tend to lose your temper in combat.
Your flesh is cold resistant. (rC+)
Your body sometimes deteriorates upon taking damage.
You are frail. (-10% HP)
Your system is resistant to poisons. (rPois)
You occasionally shout uncontrollably at your foes.
Your spells are a little harder to cast, but a little more powerful.
Potions are less effective at restoring your health.


Message History

The wraith misses you. The wraith misses you. The wraith misses you.
You riposte.
You barely miss the wraith. The wraith hits you. The wraith drains your vigour!
You feel as though you will be slow longer.
The wraith barely misses you. The wraith barely misses you.
You riposte.
You hit the wraith.
The wraith is lightly damaged.
You see here 10 arrows.
The wraith closely misses you.
You riposte.
You hit the wraith but do no damage. Lightning courses through the wraith!
The wraith is heavily damaged.
The wraith completely misses you.
You feel a little less agile now. Josephine casts a spell at you.
The ghostly flame explodes!
The ghostly fireball engulfs the wraith.
The wraith completely resists.
The ghostly fireball engulfs you!
You feel drained.
You die...

##.......##..........###....#
###'''###...........# #.....
#...###...........# #(....
#..(()............###.##..
#######...........##..##..
##.............###..
#........########..
#####.##....# ##..#
#....@....### ##..##
#.....W...# ####.....
#.........# #.....###
#.........# #.....#
#.........####.._..# #
#..........@.......###
#############......##.
#......... ########..


You could see Josephine and a wraith.

Vanquished Creatures
  2 two-headed ogres (D:8)
  Pikel (D:5)
  A troll (D:9)
  A spriggan (D:8)
  2 hungry ghosts
  A steam dragon (D:9)
  The ghost of Gwenloh the Bolt Thrower, an amateur KoHu (D:4)
  2 insubstantial wisps (D:9)
  2 water moccasins
  2 orc warriors
  A phantom (D:9)
  A slave (D:4)
  2 black bears
  2 ice beasts
  3 necrophages
  6 sky beasts
  3 ogres
  4 centaurs
  A big kobold (D:5)
  5 bullfrogs
  3 scorpions
  A troll zombie (D:9)
  4 killer bees
  A wight (D:9)
  2 howler monkeys
  2 crimson imps
  A bullfrog zombie (D:6)
  3 centaur zombies
  2 bullfrog skeletons
  5 human zombies (D:9)
  4 orc priests
  2 hounds
  A human skeleton (D:9)
  12 orc wizards
  6 worker ants
  2 hound skeletons
  A hound zombie (D:9)
  A mummy (D:9)
  Robin (D:2)
  15 adders
  4 shadow imps
  2 adder skeletons
  An adder zombie (D:8)
  3 worms
  7 leopard geckos
  31 orcs
  7 giant cockroaches
  14 goblins
  7 hobgoblins
  8 jackals
  4 quokkas
  4 bats
  2 frilled lizards
  13 kobolds
  An orc zombie (D:9)
  A quokka skeleton (D:7)
  A quokka zombie (D:5)
  6 rats
  A plant (D:5)
229 creatures vanquished.

Vanquished Creatures (others)
  Menkaure (D:5)
  A slave (D:5)
  A scorpion (D:5)
  A worker ant (D:9)
  A jackal (D:5)
5 creatures vanquished.

Grand Total: 234 creatures vanquished

Notes
Turn   | Place    | Note
-------+----------+-------------------------------------------
     0 | Abyss:1  | kibaces the Demonspawn Abyssal Knight began the quest for the Orb.
     0 | Abyss:1  | Reached XP level 1. HP: 18/18 MP: 2/2
   127 | Abyss:2  | Noticed a large abomination
   144 | Abyss:2  | Noticed a small abomination
   146 | D:1      | Escaped the Abyss
   242 | D:1      | Reached * piety under Lugonu
   247 | D:1      | Gained mutation: You have large cloven feet. [demonic ancestry]
   247 | D:1      | Reached XP level 2. HP: 2/24 MP: 3/3
   476 | D:1      | Reached skill level 2 in Long Blades
   895 | D:1      | Reached skill level 1 in Dodging
  1251 | D:2      | Gained mutation: You are partially covered in slimy green scales. (AC +2) [demonic ancestry]
  1251 | D:2      | Reached XP level 3. HP: 12/30 MP: 4/4
  1254 | D:2      | Found a burning altar of Makhleb.
  1695 | D:2      | Reached XP level 4. HP: 21/37 MP: 5/5
  2368 | D:2      | Noticed Robin
  2383 | D:2      | Killed Robin
  2886 | D:3      | Gained mutation: When hurt, damage is shared between your health and your magic reserves. [demonic ancestry]
  2886 | D:3      | Reached XP level 5. HP: 42/42 MP: 6/6
  2940 | D:3      | Reached skill level 1 in Short Blades
  3514 | D:4      | Noticed Gwenloh's ghost (amateur KoHu)
  3897 | D:4      | Found a bloodstained altar of Trog.
  4344 | D:4      | Reached ** piety under Lugonu
  4672 | D:4      | Killed Gwenloh's ghost
  4672 | D:4      | Gained mutation: You sometimes gain a little power by taking damage. [demonic ancestry]
  4672 | D:4      | Reached XP level 6. HP: 41/48 MP: 5/7
  4876 | D:5      | Entered Level 5 of the Dungeon
  4924 | D:5      | Noticed a sky beast
  4926 | D:5      | Noticed Menkaure
  4940 | D:4      | Killed a sky beast
  4940 | D:4      | Reached skill level 3 in Long Blades
  4975 | D:4      | Gained mutation: Your system is resistant to poisons. (rPois) [mutagenic meat]
  4976 | D:4      | Gained mutation: Potions are less effective at restoring your health. [mutagenic meat]
  5273 | D:5      | Gained mutation: You have hoof-like feet. [demonic ancestry]
  5273 | D:5      | Reached XP level 7. HP: 55/55 MP: 8/8
  5352 | D:5      | Noticed Pikel
  5663 | D:5      | Found a basalt altar of Yredelemnul.
  5843 | D:5      | Killed Pikel
  5843 | D:5      | Reached skill level 5 in Fighting
  5843 | D:5      | Reached skill level 5 in Long Blades
  5843 | D:5      | Reached XP level 8. HP: 46/62 MP: 5/9
  5917 | D:5      | Killed Menkaure
  7360 | D:6      | Found a burning altar of Makhleb.
  7586 | D:6      | Reached skill level 6 in Long Blades
  7600 | D:6      | Reached skill level 5 in Armour
  7620 | D:6      | HP: 3/63 [orc wizard/puff of flame (2)]
  7635 | D:6      | Reached XP level 9. HP: 6/68 MP: 1/10
  8434 | D:7      | Reached *** piety under Lugonu
  8581 | D:7      | Noticed Regeox's ghost (novice HOCK)
  9680 | D:7      | Found a staircase to the Ecumenical Temple.
  9685 | Temple   | Entered the Ecumenical Temple
  9746 | D:7      | Reached skill level 7 in Long Blades
  9794 | D:7      | Found a radiant altar of Vehumet.
  9855 | D:7      | Cast into level 2 of the Abyss (Regeox's ghost)
  9927 | Abyss:3  | Found a corrupted altar of Lugonu.
  9946 | D:7      | Escaped the Abyss
 10831 | D:8      | Noticed a two-headed ogre
 10890 | D:8      | Found Doanugiami's Food Shoppe.
 11025 | D:8      | Reached skill level 5 in Dodging
 11046 | D:8      | Got an iridescent war axe {vamp}
 11093 | D:8      | Noticed a two-headed ogre
 11503 | D:8      | Killed a two-headed ogre
 12108 | D:8      | Killed a two-headed ogre
 12108 | D:8      | Reached skill level 8 in Long Blades
 12108 | D:8      | Gained mutation: You have hooves in place of feet. [demonic ancestry]
 12108 | D:8      | Reached XP level 10. HP: 25/77 MP: 12/12
 12424 | D:8      | Gained mutation: Your magical capacity is low. (-10% MP) [mutagenic meat]
 12425 | D:8      | Gained mutation: You tend to lose your temper in combat. [mutagenic meat]
 12426 | D:8      | Gained mutation: Your body sometimes deteriorates upon taking damage. [mutagenic meat]
 12427 | D:8      | Gained mutation: Your flesh is cold resistant. (rC+) [mutagenic meat]
 12987 | D:9      | Gained mutation: You are frail. (-10% HP) [mutagenic meat]
 12989 | D:9      | Lost mutation: Your magical capacity is low. (-10% MP) [mutagenic meat]
 12991 | D:9      | Gained mutation: Your spells are a little harder to cast, but a little more powerful. [mutagenic meat]
 12992 | D:9      | Gained mutation: You occasionally shout uncontrollably at your foes. [mutagenic meat]
 13007 | D:9      | Found a glowing silver altar of Zin.
 13008 | D:9      | Found an opulent altar of Gozag.
 13306 | D:9      | Reached skill level 9 in Long Blades
 13720 | D:9      | Found a staircase to the Orcish Mines.
 13841 | D:9      | Found a glowing silver altar of Zin.
 14049 | D:9      | Reached **** piety under Lugonu
 14087 | D:9      | Found an ancient bone altar of Kikubaaqudgha.
 14277 | D:9      | Found a shattered altar of Ashenzari.
 14283 | D:9      | Got a scorched helmet
 14390 | D:9      | Identified the cursed -3 helmet of Emywnolyest {-Tele rPois MR+ rCorr} (You found it on level 9 of the Dungeon)
 14499 | Orc:1    | Entered Level 1 of the Orcish Mines
 14499 | Orc:1    | Noticed Josephine
 14549 | D:9      | Killed from afar by Josephine

Vault maps used:
D:1:      scummos_arrival_gate, hex_medium
D:2:      makhleb_heckhound_becter, uniq_robin
D:4:      nicolae_overflow_crystal_walls
D:5:      wad_lake_hut, yredelemnul_altar_generic, first_bread,
          lexackson_kobold_supper, uniq_menkaure, uniq_pikel
D:6:      lemuel_doored_altar
D:7:      fiery_altar_vehumet, lemuel_crystal_altar,
          minmay_temple_entry_steel_oval
D:8:      serial_shops, nicolae_shop_behind_doors, the_bakery,
          grunt_ministairs_14
D:9:      grunt_temple_overflow_gold_and_silver, nicolae_ashenzari_panopticon,
          lemuel_mausoleum_altar_kikubaaqudgha, basic_altar,
          kennysheep_cluttered_room, hangedman_misty_isle
Temple:   cyrus_circular_temple
Orc:1:    uniq_josephine
Abyss:3:  evilmike_abyss_exit_9, evilmike_abyss_exit_16

Skill      XL: |  1  2  3  4  5  6  7  8  9 10 |
---------------+-------------------------------+-----
Long Blades    | 2 3 5 6 8 9 |  9.7
Dodging        | 1 2 3 4 5 6 |  6.2
Armour         | 2 3 4 5 6 7 |  7.1
Fighting       | 4 5 6 7 |  7.7
Short Blades   | 2 3 |  3.7
Invocations    | 3 |  3.3
Stealth        | |  0.1
Evocations     | |  0.9

Action                   |  1- 3 |  4- 6 |  7- 9 | 10-12 || total
-------------------------+-------+-------+-------+-------++-------
Melee: Falchion          |    91 |    65 |   486 |   217 ||   859
       Kick              |    17 |    56 |   135 |    64 ||   272
       Rapier            |       |   166 |       |       ||   166
Invok: Depart the Abyss  |     1 |       |     1 |       ||     2
       Bend Space        |       |       |     3 |     2 ||     5
Evoke: Wand              |       |     1 |     3 |       ||     4
       Box of beasts     |       |     1 |       |       ||     1
  Use: Scroll            |       |       |    11 |     3 ||    14
       Potion            |       |       |       |     1 ||     1
  Eat: Chunk             |     3 |    11 |    13 |    13 ||    40
       Fruit             |       |     3 |     2 |     1 ||     6
       Royal jelly       |       |       |     2 |     1 ||     3
       Meat ration       |       |       |     1 |       ||     1
       Bread ration      |       |       |     1 |       ||     1
Armor: Leather armour    |    15 |    76 |       |       ||    91
       Ring mail         |       |    23 |   187 |    29 ||   239
       Steam dragon scal |       |       |       |    15 ||    15
Dodge: Dodged            |    71 |   174 |   311 |   126 ||   682
       Rpst.: Falchion   |    22 |    15 |    87 |    38 ||   162

Table legend:
 A = Spawn XP
 B = Non-spawn XP
 C = Spawn XP percentage of total XP
 D = Spawn monster count
 E = Non-spawn monster count
 F = Spawn count percentage of total count
 G = Total turns spent on level
                    A         B        C        D         E        F      G
               +---------+---------+-------+---------+---------+-------+---------
         Total |       0 |   10492 |   0.0 |       0 |     229 |   0.0 | 14549
               +---------+---------+-------+---------+---------+-------+---------
           D:1 |       0 |      31 |   0.0 |       0 |      17 |   0.0 |  1346
           D:2 |       0 |     126 |   0.0 |       0 |      26 |   0.0 |  1304
           D:3 |       0 |     124 |   0.0 |       0 |      23 |   0.0 |   985
           D:4 |       0 |     426 |   0.0 |       0 |      14 |   0.0 |  1605
           D:5 |       0 |    1455 |   0.0 |       0 |      32 |   0.0 |  2004
           D:6 |       0 |    1307 |   0.0 |       0 |      35 |   0.0 |  2496
           D:7 |       0 |     579 |   0.0 |       0 |      17 |   0.0 |  1292
           D:8 |       0 |    3060 |   0.0 |       0 |      21 |   0.0 |  1768
           D:9 |       0 |    3384 |   0.0 |       0 |      44 |   0.0 |  1453
               +---------+---------+-------+---------+---------+-------+---------
